 Dungeon Sprint DCSS version 0.23.2-1-ga50397a6bc (webtiles) character file.

Game seed: 812065407056203493

18760 Freyura the Fighter (level 12, -3/85 HPs)
             Began as a Gargoyle Fighter on May 26, 2019.
             Was a High Priest of Qazlal.
             Killed by divine providence
             ... invoked by a greater mummy
              (13 damage)
             ... in the Dungeon (Sprint V: "Ziggurat Sprint").
             The game lasted 00:21:24 (1255 turns).

Freyura the Fighter (Gargoyle Fighter)              Turns: 1255, Time: 00:21:24

Health: -3/85      AC: 39    Str: 25    XL:     12   Next: 61%
Magic:  6/20       EV: 10    Int: 11    God:    Qazlal [*****.]
Gold:   6          SH: 30    Dex: 19    Spells: 11/11 levels left

rFire    . . .     SeeInvis .   l - +6 shillelagh "Devastator" {shatter}
rCold    . . .     Gourm    .   b - +3 large shield
rNeg     + + .     Faith    .   a - +5 crystal plate armour
rPois    ∞         Spirit   .   (no helmet)
rElec    +         Reflect  .   (no cloak)
rCorr    .         Harm     .   (no gloves)
MR       +++..     Clarity  +   (no boots) Stlth ..........NoTele +
                                F - amulet of the Four Winds {rN+ MR+++ Clar}
HPRegen  0.24/turn              A - +6 ring of strength
MPRegen  0.17/turn              w - +6 ring of dexterity

@: protected from physical damage, slowed, studying Slings, repel missiles, very
slow
A: low mp 1, mutation resistance 1, negative energy resistance 1, electricity
resistance, unbreathing, petrification resistance, rot immunity, AC +8
a: Upheaval, Elemental Force, Disaster Area, Renounce Religion


You were in the Dungeon.
You worshipped Qazlal.
Qazlal was extremely pleased with you.
You were very hungry.

You visited 1 branch You collected 6 gold pieces.

Inventory:

Hand Weapons
 l - the +6 shillelagh "Devastator" (weapon) {shatter}
   (You found it in the Dungeon)
Armour
 a - a +5 crystal plate armour (worn)
 b - a +3 large shield (worn)
Jewellery
 w - a +6 ring of dexterity (right hand)
 x - a +6 ring of dexterity
 A - a +6 ring of strength (left hand)
 F - the amulet of the Four Winds (around neck) {rN+ MR+++ Clar}
   (You found it in the Dungeon)

   [amulet of nothing]

   It protects you from negative energy.
   It affects your resistance to hostile enchantments.
   It protects you against confusion.
Wands
 C - a wand of disintegration (14)
 D - a wand of iceblast (7)
 E - a wand of acid (7)
Scrolls
 k - 4 scrolls of blinking
 q - 4 scrolls of amnesia
 r - 7 scrolls of fog
 s - a scroll of brand weapon
 t - 5 scrolls of identify
 u - 5 scrolls of remove curse
 v - 2 scrolls of fear
Potions
 c - 2 potions of brilliance
 d - 6 potions of might
 e - 11 potions of curing
 g - 5 potions of heal wounds
 h - 6 potions of haste
 i - 6 potions of magic
 j - 3 potions of berserk rage
 m - 2 potions of invisibility
 n - 4 potions of resistance
 p - 9 potions of agility
 z - a potion of degeneration {unknown}
Books
 y - a manual of Slings
Miscellaneous
 o - a lamp of fire
Comestibles
 f - 7 rations


   Skills:
 + Level 14.3 Fighting
 - Level 14.2 Maces & Flails
 + Level 14.1 Armour
 + Level 11.0 Dodging
 + Level 14.1 Shields
 + Level 13.8 Invocations


You had 11 spell levels left.
You didn't know any spells.
Your spell library was empty.

Dungeon Overview and Level Annotations

Branches:
Dungeon (1/1)

Altars:
Ashenzari
Cheibriados
Dithmenos
Elyvilon
Fedhas
Gozag
Hepliaklqana
Kikubaaqudgha
Makhleb
Nemelex Xobeh
Okawaru
Qazlal
Ru
Sif Muna
Trog
Uskayaw
Vehumet
Wu Jian
Xom
Yredelemnul
Zin
The Shining One
Beogh
Jiyva
Lugonu


Innate Abilities, Weirdness & Mutations

You are resistant to torment.
Your stone body is resilient. (AC +8)
You are immune to poison.
You resist negative energy. (rN+)
You are resistant to electric shocks. (rElec)
You can survive without breathing.
You are immune to petrification.
You are immune to rotting.
Your magical capacity is low. (-10% MP)
You are somewhat resistant to further mutation.


Message History

The emperor scorpion claws you.
* * * LOW HITPOINT WARNING * * *
The greater mummy hits you but does no damage.
You block the emperor scorpion's attack.
The emperor scorpion claws you but does no damage. x2
The emperor scorpion closely misses you.
The emperor scorpion claws you but does no damage. x2
You block the death scarab's attack.
The emperor scorpion closely misses you.
The emperor scorpion claws you.
* * * LOW HITPOINT WARNING * * *
The emperor scorpion claws you but does no damage.
You block the emperor scorpion's attack.
The emperor scorpion claws you but does no damage. x2
The emperor scorpion stings you but does no damage.
You block the emperor scorpion's attack.
The emperor scorpion claws you but does no damage.
The greater mummy gestures at you while chanting.
Something smites you!
You die...

▓....©....▓
▓...}:[|[[§.▓▓▓▓▓▓▓▓▓▓▓
▓≈..."[≈.§..▓...8©8...▓
▓..≈....≈≈..▓...:::...▓
▓...).§§.§.≈▓...[))...▓
▓.....§§....▓..)))....▓
▓...§.§.☼...▓...))....▓
..▓.Mss.▓..▓...))....▓
▓.▓s@s▓.▓ ▓.........▓
▓..▓§ss§§▓..▓.▓.....▓.▓
▓.....©☼....▓....©....▓
▓▓▓▓▓▓▓▓▓▓▓▓▓▓▓▓▓▓▓▓▓▓▓
▓...8©8...▓...8©8...▓..
▓..[).}.).▓..":}.=..▓..
▓...}|.}..▓..|||})..▓..
▓.........▓.........▓..
▓.........▓.........▓..


You could see a greater mummy, 5 emperor scorpions and a death scarab.

Vanquished Creatures
  A greater mummy (D)
  A shadow dragon (D)
  Azrael (D)
  A red draconian (D)
  A purple draconian (D)
  A yellow draconian (D)
  Harold (D)
  A death scarab (D)
  A soul eater (D)
  Sonja (D)
  2 shining eyes (D)
  9 draconians (D)
  Maurice (D)
  3 yaktaurs (D)
  3 guardian mummies (D)
  A slime creature (D)
  A yak (D)
  3 hell hounds (D)
  An orc warrior (D)
  A phantom (D)
  A necrophage (D)
  2 centaurs (D)
  2 jellies (D)
  An iguana (D)
  2 iron imps (D)
  Terence (D)
  2 orc wizards (D)
  3 mummies (D)
  A river rat (D)
  A shadow imp (D)
  A white imp (D)
  2 oozes (D)
  A spectral adder (D)
  5 adder zombies (D)
  3 adder skeletons (D)
  3 orcs (D)
  A spectral bat (D)
  2 bat skeletons (D)
  3 bat zombies (D)
  A jackal (D)
  2 ball python skeletons (D)
  A giant cockroach zombie (D)
  2 leopard gecko skeletons (D)
  A quokka skeleton (D)
  A quokka zombie (D)
80 creatures vanquished.

Vanquished Creatures (others)
  A spatial maelstrom (D)
  Sigmund (D)
  Eustachio (D)
  Purgy (D)
4 creatures vanquished.

Grand Total: 84 creatures vanquished

Notes
Turn   | Place    | Note
-------+----------+-------------------------------------------
     0 | D        | Found the +6 Majin-Bo {vamp, Archmagi MP+6 Int+6}
     0 | D        | Found the +7 great mace "Firestarter" {inner flame, rF++}
     0 | D        | Freyura the Gargoyle Fighter began the quest for the Orb.
     0 | D        | Reached XP level 1. HP: 14/14 MP: 1/1
     4 | D        | Found a deep blue altar of Sif Muna.
     4 | D        | Found a bloodstained altar of Trog.
     4 | D        | Found a sacrificial altar of Ru.
     4 | D        | Found a stormy altar of Qazlal.
     4 | D        | Found an iron altar of Okawaru.
     6 | D        | Found a sparkling altar of Nemelex Xobeh.
     7 | D        | Found an ancient bone altar of Kikubaaqudgha.
     7 | D        | Found a transporter.
     7 | D        | Found a corrupted altar of Lugonu.
     7 | D        | Found a viscous altar of Jiyva.
     7 | D        | Found a burning altar of Makhleb.
     7 | D        | Found a hazy altar of Hepliaklqana.
     7 | D        | Found an opulent altar of Gozag.
    15 | D        | Found the +9 heavy crossbow "Sniper" {velocity, Acc+∞ SInv}
    15 | D        | Found the +10 dark maul {crush}
    15 | D        | Found the +15 Maxwell's patent armour {-Cast -Tele rElec
                  | MR+ rCorr}
    15 | D        | Found the +18 shield of the Gong {rElec rN+ MR+ EV-5}
    15 | D        | Found the cursed +14 obsidian axe {chop, +Fly SInv *Curse}
    16 | D        | Found the +6 shillelagh "Devastator" {shatter}
    16 | D        | Found the +11 plutonium sword {*Contam Stlth-}
    16 | D        | Found the +8 lance "Wyrmbane" {slay drac, rPois rF+ rC+
                  | AC+3}
    16 | D        | Found the +9 sword of Zonguldrok {reap}
    16 | D        | Found the cursed +13 scythe of Curses {drain, *Curse}
    16 | D        | Found the +0 sword of Power
    16 | D        | Found the +7 mace of Variability {chain chaos}
    16 | D        | Found the +7 Singing Sword {slice, sonic wave}
    16 | D        | Found the +7 longbow "Piercer" {penet, EV-2}
    21 | D        | Found a blossoming altar of Fedhas.
    36 | D        | Banished a spatial maelstrom
    82 | D        | Became a worshipper of Qazlal Stormbringer
    84 | D        | Reached XP level 2. HP: 20/20 MP: 2/4
    93 | D        | Entered arena 2.
    93 | D        | Found a transporter.
    98 | D        | Reached XP level 3. HP: 24/24 MP: 3/5
   104 | D        | Entered arena 3.
   104 | D        | Found a transporter.
   109 | D        | Reached * piety under Qazlal
   109 | D        | Reached skill level 5 in Maces & Flails
   119 | D        | Entered arena 4.
   119 | D        | Noticed a draconian
   119 | D        | Noticed a draconian
   119 | D        | Noticed a draconian
   119 | D        | Noticed a draconian
   119 | D        | Found a transporter.
   126 | D        | Killed a draconian
   126 | D        | Reached ** piety under Qazlal
   126 | D        | Reached skill level 5 in Invocations
   126 | D        | Reached XP level 4. HP: 34/34 MP: 5/8
   126 | D        | Reached XP level 5. HP: 38/38 MP: 5/9
   126 | D        | Reached XP level 6. HP: 44/44 MP: 5/10
   132 | D        | Killed a draconian
   132 | D        | Reached skill level 5 in Dodging
   132 | D        | Reached XP level 7. HP: 48/48 MP: 5/12
   135 | D        | Killed a draconian
   135 | D        | Reached skill level 10 in Maces & Flails
   135 | D        | Reached XP level 8. HP: 42/55 MP: 6/13
   144 | D        | Killed a draconian
   144 | D        | Reached *** piety under Qazlal
   211 | D        | Entered arena 5.
   211 | D        | Noticed a yak
   211 | D        | Found a transporter.
   218 | D        | Killed a yak
   218 | D        | Reached XP level 9. HP: 60/60 MP: 13/15
   233 | D        | Entered arena 6.
   233 | D        | Noticed a yaktaur
   233 | D        | Noticed a yaktaur
   233 | D        | Noticed a yaktaur
   233 | D        | Found a transporter.
   234 | D        | Identified the +9 long sword of Dissatisfaction {vamp,
                  | Dex+2}
   239 | D        | Reached **** piety under Qazlal
   242 | D        | Killed a yaktaur
   243 | D        | Killed a yaktaur
   245 | D        | Killed a yaktaur
   245 | D        | Reached ***** piety under Qazlal
   264 | D        | Entered arena 7.
   265 | D        | Found the amulet of the Four Winds {rN+ MR+++ Clar}
   265 | D        | Found a transporter.
   271 | D        | Reached skill level 10 in Fighting
   275 | D        | Killed Purgy
   316 | D        | Entered arena 8.
   317 | D        | Found a transporter.
   322 | D        | Reached ****** piety under Qazlal
   341 | D        | Entered arena 9.
   341 | D        | Noticed a shining eye
   341 | D        | Noticed a shining eye
   342 | D        | Found a transporter.
   344 | D        | Reached skill level 10 in Shields
   346 | D        | Gained mutation: Your magical capacity is low. (-10% MP) [a
                  | shining eye]
   348 | D        | Killed a shining eye
   348 | D        | Reached skill level 10 in Armour
   348 | D        | Reached XP level 10. HP: 68/68 MP: 15/15
   351 | D        | Gained mutation: You are somewhat resistant to further
                  | mutation. [a shining eye]
   355 | D        | Killed a shining eye
   365 | D        | Got the ring "Mois Akhoar" {rCorr Int+2}
   369 | D        | Got the ring "Guddul" {rF+ rC- Int+2 SInv}
   378 | D        | Entered arena 10.
   378 | D        | Noticed a purple draconian
   378 | D        | Noticed a red draconian
   378 | D        | Noticed a yellow draconian
   378 | D        | Noticed a draconian
   378 | D        | Noticed a draconian
   378 | D        | Noticed a draconian
   378 | D        | Noticed a draconian
   378 | D        | Noticed a draconian
   379 | D        | Found a transporter.
   385 | D        | Killed a draconian
   385 | D        | Reached skill level 10 in Invocations
   385 | D        | Killed a draconian
   387 | D        | Killed a draconian
   388 | D        | Killed a yellow draconian
   389 | D        | Killed a purple draconian
   389 | D        | Reached XP level 11. HP: 20/74 MP: 1/17
   393 | D        | Killed a red draconian
   393 | D        | Killed a draconian
   394 | D        | Killed a draconian
   727 | D        | Killed Sigmund
   809 | D        | Entered arena 11.
   810 | D        | Found a transporter.
   830 | D        | Entered arena 12.
   830 | D        | Noticed a soul eater
   831 | D        | Noticed a shadow dragon
   834 | D        | Killed a soul eater
   837 | D        | Found a transporter.
   850 | D        | Killed a shadow dragon
   884 | D        | Killed Eustachio
   931 | D        | Entered arena 13.
   931 | D        | Noticed Maurice
   931 | D        | Noticed Terence
   931 | D        | Noticed Sonja
   932 | D        | Noticed Azrael
   932 | D        | Noticed Harold
   933 | D        | Found a transporter.
   939 | D        | Killed Sonja
   942 | D        | Killed Terence
   948 | D        | Killed Harold
   949 | D        | Killed Maurice
   950 | D        | Killed Azrael
   950 | D        | Reached skill level 10 in Dodging
   950 | D        | Reached XP level 12. HP: 21/84 MP: 4/19
  1216 | D        | Entered arena 14.
  1217 | D        | Noticed a greater mummy
  1217 | D        | Noticed a death scarab
  1218 | D        | Identified the +5 spear of Arbitration {elec, *Noise rC+
                  | Str+10 Dex-2}
  1218 | D        | Noticed a greater mummy
  1220 | D        | Killed a death scarab
  1221 | D        | Noticed a death scarab
  1223 | D        | Noticed an emperor scorpion
  1226 | D        | Noticed a death scarab
  1226 | D        | Noticed a death scarab
  1226 | D        | Noticed a death scarab
  1226 | D        | Noticed a death scarab
  1227 | D        | Killed a greater mummy
  1235 | D        | Noticed an emperor scorpion
  1242 | D        | Noticed an emperor scorpion
  1242 | D        | Noticed an emperor scorpion
  1242 | D        | Noticed an emperor scorpion
  1242 | D        | Noticed an emperor scorpion
  1244 | D        | Noticed a death scarab
  1244 | D        | Noticed a death scarab
  1247 | D        | Noticed a death scarab
  1249 | D        | Noticed a death scarab
  1249 | D        | Noticed a death scarab
  1250 | D        | HP: 1/85 [death scarab[a greater mummy] (11)]
  1251 | D        | Noticed an emperor scorpion
  1251 | D        | Noticed an emperor scorpion
  1251 | D        | Noticed an emperor scorpion
  1255 | D        | Killed from afar by a greater mummy

Skill      XL: |  1  2  3  4  5  6  7  8  9 10 11 12 |
---------------+-------------------------------------+-----
Fighting       | 4 7 8 9 10 11 13 14 | 14.3
Maces & Flails | 4 8 9 10 12 13 14 | 14.2
Armour         | 4 6 7 8 10 11 13 14 | 14.1
Dodging        | 2 4 5 6 7 8 10 11 | 11.0
Shields        | 4 6 7 8 10 11 13 14 | 14.1
Invocations    | 2 3 5 6 7 8 9 10 12 13 | 13.8

Action                   |  1- 3 |  4- 6 |  7- 9 | 10-12 || total
-------------------------+-------+-------+-------+-------++-------
Melee: Shillelagh        |    15 |     6 |    48 |    79 ||   148
Invok: Disaster Area     |       |       |       |    11 ||    11
Evoke: Wand              |       |       |       |     1 ||     1
  Use: Potion            |     1 |       |       |     6 ||     7
       Scroll            |       |       |       |     1 ||     1
Armor: Crystal plate arm |    10 |     6 |    10 |   153 ||   179
Dodge: Dodged            |     1 |     2 |     5 |    60 ||    68
       Deflected         |       |       |     1 |       ||     1
Block: Large shield      |    16 |     8 |    47 |   199 ||   270
